 Dungeon Crawl Stone Soup version 0.28.0-45-g0d030f2227 (webtiles) character file.

Game seed: 3397727713810252240

16 NinjaNoafa the Magician (level 2, 20/20 HPs)
             Began as a Draconian Hedge Wizard on Apr 20, 2022.
             Quit the game on level 2 of the Dungeon.
             The game lasted 00:01:37 (1245 turns).

NinjaNoafa the Magician (Draconian Hedge Wizard)    Turns: 1245, Time: 00:01:38

Health: 20/20      AC:  4    Str: 12    XL:     2   Next: 41%
Magic:  6/6        EV: 12    Int: 14    God:
Gold:   66         SH:  0    Dex: 10    Spells: 6/7 levels left

rFire   . . .      SeeInvis .   m - +0 executioner's axe
rCold   . . .      Faith    .   (shield currently unavailable)
rNeg    . . .      Spirit   .   (armour unavailable)
rPois   .          Reflect  .   b - +0 hat
rElec   .          Harm     .   (no cloak)
rCorr   .          Rampage  .   (no gloves)
Will    .....                   (no boots)
Stlth   ++........              (no amulet)
HPRegen 0.06/turn               (no ring)
MPRegen 0.10/turn               (no ring)

@: no status effects
A: AC +4, unfitting armour, cold-blooded
a: no special abilities


You were on level 2 of the Dungeon.
You visited 1 branch of the dungeon, and saw 2 of its levels.

You collected 66 gold pieces.

Inventory:

Hand Weapons
 a - a +1 dagger
 l - a +0 whip of electrocution
 m - a +0 executioner's axe (weapon)
Missiles
 e - 20 stones
Armour
 b - a +0 hat (worn)
Wands
 c - a wand of polymorph (8)
Scrolls
 g - a scroll of acquirement {unknown}
 h - a scroll of teleportation
 j - a scroll of silence {unknown}
Potions
 d - a potion of brilliance {unknown}
 f - a potion of attraction {unknown}
 i - a potion of resistance {unknown}
 k - a potion of magic {unknown}


   Skills:
 + Level 2.0 Dodging
 + Level 2.0 Stealth
 + Level 3.1 Spellcasting
 + Level 1.3 Conjurations
 + Level 1.3 Summonings
 + Level 1.3 Translocations


You had 6 spell levels left.
You knew the following spells:

 Your Spells              Type           Power      Damage    Failure   Level
a - Magic Dart            Conj           20%        1d4       12%         1

Your spell library contained the following spells:

 Spells                   Type           Power      Damage    Failure   Level
 Blink                    Tloc           10%        N/A       19%         2
 Call Imp                 Summ           5%         N/A       19%         2
 Slow                     Hex            8%         N/A       22%         1
 Conjure Flame            Conj/Fire      4%         6-21      43%         3
 Mephitic Cloud           Conj/Pois/Air  3%         N/A       47%         3


Dungeon Overview and Level Annotations

Branches:
Dungeon (2/15)

Altars:

Shops:
D:2 (=!


Innate Abilities, Weirdness & Mutations

Your plain brown scales are hard. (AC +4)
You cannot fit into any form of body armour.
You are cold-blooded and may be slowed by cold attacks.


Message History

You open the door.
There is an open door here.
You open the door.
There is an open door here.
There is an open door here.
A giant cockroach comes into view.
A giant cockroach is nearby!
A giant cockroach is nearby!
You barely miss the giant cockroach. The giant cockroach bites you.
The giant cockroach closely misses you.
You closely miss the giant cockroach.
The giant cockroach bites you but does no damage.
The giant cockroach barely misses you.
You hit the giant cockroach.
The giant cockroach is moderately wounded.
The giant cockroach misses you. The giant cockroach closely misses you.
You closely miss the giant cockroach.
The giant cockroach is moderately wounded.
The giant cockroach bites you.
The giant cockroach bites you but does no damage. x2
You barely miss the giant cockroach.
The giant cockroach is moderately wounded.
The giant cockroach bites you. The giant cockroach misses you.
You barely miss the giant cockroach. You tail-slap the giant cockroach.
The giant cockroach is heavily wounded.
The giant cockroach bites you. The giant cockroach closely misses you.
You hit the giant cockroach.
You kill the giant cockroach!
Your Dodging skill increases to level 2!
Found an escape hatch in the floor.
There is an open gate here.
There is an open gate here.
There is an open gate here.
There is an open gate here.
There is an open gate here.
You enter the shallow water.
Moving in this stuff is going to be slow.
Done exploring.
Done exploring.
Are you sure you want to abandon this character and quit the game? (Confirm with "yes".)

#.##...........<..#.# #..#......
#.##...###..#.#.#.#.###........#
#.##...###..#.#.#.#.....##......
#.##........#.#.#.#####.####.#.#
#.##..........#.#.# #.# #...#
#.##...####.###.#.# #># #.#.#
##.###.......# #.#.# #.# #.#.#
......).########.### #.# #.###
................@# ### #.# #
################## #.# #.# #.#
###


There were no monsters in sight!

Vanquished Creatures
  3 ball pythons
  An endoplasm (D:2)
  A giant cockroach (D:2)
  A goblin (D:1)
  A hobgoblin (D:2)
  A quokka (D:2)
  3 frilled lizards
  4 rats
  A spectral hobgoblin (D:2)
16 creatures vanquished.

Notes
Turn   | Place    | Note
-------+----------+-------------------------------------------
     0 | D:1      | NinjaNoafa the Draconian Hedge Wizard began the quest for
                  | the Orb.
     0 | D:1      | Reached XP level 1. HP: 14/14 MP: 4/4
   361 | D:1      | You fall into a shaft and drop 1 floor!
   432 | D:2      | Found Ymuhin's Jewellery Emporium.
   597 | D:2      | Found a faded altar of an unknown god.
   605 | D:2      | Reached XP level 2. HP: 20/20 MP: 0/6
   729 | D:2      | Found Kovilirph's Weapon Shop.
   920 | D:2      | Found Mutab's Distillery.
  1245 | D:2      | Quit the game

Illustrated notes

Levels and vault maps discovered:
D:1:      wander_arrival_lonely_grave, layout_basic
D:2:      minmay_evil_eye, layout_basic, serial_shops,
          nicolae_shop_temple_entry_statues_fountains,
          nicolae_shop_temple_entry_statues_fountains, nicolae_shop_stone,
          dreamdust_ecumenical_altar_drowned_temple, minmay_misc_feat_x

Skill      XL: |  1  2 |
---------------+-------+-----
Stealth        | 2 |  2.0
Dodging        | 2 |  2.0
Spellcasting   | |  3.1
Conjurations   | |  1.3
Summonings     | |  1.3
Translocations | |  1.3

Action                   || total
-------------------------++-------
Melee: Dagger            ||    11
       Punch             ||     1
       Executioner's axe ||     8
       Tailslap          ||     2
       Whip              ||     1
 Cast: Magic Dart        ||    23
  Use: Scroll            ||     2
 Stab: Sleeping          ||     1
Armor: Skin              ||     8
Dodge: Dodged            ||    15
